 Dungeon Crawl Stone Soup version 0.29.1-1-gd02db6906a (webtiles) character file.

Game seed: 7882411278546066260

39 raistware the Trooper (level 3, 0/39 HPs)
             Began as an Ogre Transmuter on Sept 15, 2022.
             Was a Follower of Wu Jian.
             Succumbed to an adder's poison
             ... on level 2 of the Dungeon.
             The game lasted 00:02:19 (1488 turns).

raistware the Trooper (Ogre Transmuter)             Turns: 1488, Time: 00:02:20

Health: 0/39       AC:  3    Str: 16    XL:     3   Next: 45%
Magic:  5/6        EV:  9    Int: 14    God:    Wu Jian [*.....]
Gold:   46         SH:  0    Dex:  9    Spells: 3/6 levels left

rFire   . . .      SeeInvis .     - Unarmed
rCold   . . .      Faith    .   (no shield)
rNeg    . . .      Spirit   .   a - +0 robe
rPois   .          Reflect  .   (helmet currently unavailable)
rElec   .          Harm     .   (no cloak)
rCorr   .          Rampage  .   (gloves unavailable)
Will    .....                   (boots unavailable)
Stlth   +.........              (no amulet)
HPRegen 0.13/turn               (no ring)
MPRegen 0.10/turn               (no ring)

@: mighty, brilliant, lethally poisoned (0 -> -3), appendages (expiring)
A: horns 2, talons 2, large, unfitting armour, tough skin 1
a: End Transformation, Renounce Religion


You were on level 2 of the Dungeon.
You worshipped Wu Jian.
Wu Jian was aware of your devotion.
You had temporarily grown beastly horns and talons.
You visited 1 branch of the dungeon, and saw 2 of its levels.

You collected 46 gold pieces.

Inventory:

Armour
 a - a +0 robe (worn)
Jewellery
 c - a ring of see invisible
 h - a ring of fire
Scrolls
 f - a scroll of teleportation {unknown}
 g - a scroll of identify {unknown}
Potions
 b - a potion of lignification


   Skills:
 + Level 3.9 Fighting
 - Level 1.7 Dodging
 * Level 3.0 Unarmed Combat
 - Level 2.4 Spellcasting
 - Level 1.7 Transmutations


You had 3 spell levels left.
You knew the following spells:

 Your Spells              Type           Power      Damage    Failure   Level
a - Beastly Appendage     Tmut           18%        N/A       11%         1
b - Wereblood             Tmut           9%         N/A       17%         2

Your spell library contained the following spells:

 Spells                   Type           Power      Damage    Failure   Level
 Spider Form              Tmut/Pois      6%         N/A       43%         3
 Ice Form                 Ice/Tmut       6%         N/A       85%         4


Dungeon Overview and Level Annotations

Branches:
Dungeon (2/15)

Altars:
Wu Jian


Innate Abilities, Weirdness & Mutations

You have temporarily grown beastly horns and talons.
You are too large for most types of armour.
You have tough skin. (AC +1)


Message History

Unknown command.
You are too injured to fight recklessly!
You are too injured to fight recklessly!
You are too injured to fight recklessly!
You barely miss the adder. Your kick misses the adder.
The adder is heavily wounded.
You feel sick. The adder bites you.
You hit the adder. Your headbutt misses the adder.
The adder is severely wounded.
You feel sick. The adder bites you.
* * * LOW HITPOINT WARNING * * *
You are more poisoned.
The adder poisons you!
You hit the adder. Your headbutt misses the adder.
The adder is almost dead.
* * * LOW HITPOINT WARNING * * *
You feel sick. The adder barely misses you.
You closely miss the adder.
The adder is almost dead.
You feel sick. The adder bites you.
* * * LOW HITPOINT WARNING * * *
The adder barely misses you.
You hit the adder.
You kill the adder!
The Council accepts your kill.
* * * LOW HITPOINT WARNING * * *
You feel sick.
Your Unarmed Combat skill increases to level 3!
Your transformation is almost over.
* * * LOW HITPOINT WARNING * * *
You feel sick.
Things that are here:
a +0 club; a scroll labelled QAREPS LEMPO; an adder corpse It was a potion of brilliance.
You feel clever all of a sudden.
* * * LOW HITPOINT WARNING * * *
You feel sick.
It was a potion of might.
You feel very mighty all of a sudden.
You die...

## # ... .. #.# .# ~
♣###.####.#
~~♣♣~.#....#.# #
~~~~........##...
~~~~............ ~
♣......# ~~♣@.....######
♣~†...........
~~P~♣♣......####.
≈≈~~~♣~......# # ≈≈≈≈~
♣♣......####+##### ≈≈≈~~
♣~................
≈≈≈≈~~~♣................
≈≈≈≈~~♣♣.....#..........
~~ ♣######..........


There were no monsters in sight!

Vanquished Creatures
  An adder (D:2)
  2 dart slugs (D:1)
  2 bats (D:1)
  2 endoplasms (D:1)
  A giant cockroach (D:1)
  3 goblins
  3 hobgoblins
  A quokka (D:1)
  3 ball pythons
  3 frilled lizards
  2 kobolds (D:2)
  3 rats (D:1)
26 creatures vanquished.

Vanquished Creatures (others)
  14 plants (D:2)
14 creatures vanquished.

Grand Total: 40 creatures vanquished

Notes
Turn   | Place    | Note
-------+----------+-------------------------------------------
     0 | D:1      | raistware the Ogre Transmuter began the quest for the Orb.
     0 | D:1      | Reached XP level 1. HP: 19/19 MP: 3/3
   221 | D:1      | Found a faded altar of an unknown god.
   325 | D:1      | Prayed at the altar of an unknown god.
   325 | D:1      | Became a worshipper of the Wu Jian Council
   325 | D:1      | Reached * piety under Wu Jian
   371 | D:1      | Reached XP level 2. HP: 29/29 MP: 5/5
   374 | D:1      | Learned a level 2 spell: Wereblood
  1161 | D:2      | Reached XP level 3. HP: 31/39 MP: 6/6
  1486 | D:2      | HP: 1/39 [poisoned by an adder]
  1488 | D:2      | Succumbed to an adder's poison

Illustrated notes

Levels and vault maps discovered:
D:1:      dpeg_arrival_shelter, layout_loops_ring,
          hellmonk_ecumenical_altar_inner_sanctum
D:2:      layout_basic, serial_bayou_lake_a

Skill      XL: |  1  2  3 |
---------------+----------+-----
Fighting       | 2 3 |  3.9
Unarmed Combat | 3 |  3.0
Dodging        | |  1.7
Spellcasting   | |  2.4
Transmutations | |  1.7

Action                   || total
-------------------------++-------
Melee: Unarmed           ||   123
 Cast: Wereblood         ||     2
       Beastly Appendage ||     1
Invok: Lunge             ||     6
  Use: Potion            ||     2
Armor: Robe              ||    39
Dodge: Dodged            ||    58
